 Dungeon Sprint DCSS version 0.28.0-43-g3370ac3207 (webtiles) character file.

Game seed: 14312058160316898463

18711 boopmooplesden the Executioner (level 12, -1/183 HPs)
             Began as a Minotaur Berserker on Mar 16, 2022.
             Was the Champion of Trog.
             Slain by the 27-headed Lernaean hydra (2 damage)
             ... in the Dungeon (Sprint I: "Red Sonja").
             The game lasted 00:10:21 (4182 turns).

boopmooplesden the Executioner (Minotaur Berserker) Turns: 4182, Time: 00:10:22

Health: -1/183     AC: 16    Str: 32    XL:     12   Next: 30%
Magic:  11/11      EV: 12    Int:  4    God:    Trog [******]
Gold:   433        SH:  5    Dex: 12    Spells: 11/11 levels left

rFire   . . .      SeeInvis +   u - +2 battleaxe (flame)
rCold   + . .      Faith    .   (shield currently unavailable)
rNeg    . . .      Spirit   .   t - +3 plate armour of the Lion {rC+ Regen+ Str+2}
rPois   +          Reflect  +   (helmet restricted)
rElec   +          Harm     .   (no cloak)
rCorr   .          Rampage  .   x - +0 pair of gloves
Will    .....      Rage     1%  w - +0 pair of boots
Stlth   .......... NoTele   +   z - amulet of reflection
HPRegen 1.20/turn               b - ring "Daji" {Fly rElec rPois Slay+4 SInv}
MPRegen 0.12/turn               y - ring "Feminuse" {Str+6 Dex+3}

@: berserking, flying, unable to read, very quick
A: horns 2, retaliatory headbutt, berserk 1, clumsy 2, deformed body, frail 1,
no potion heal 1, subdued magic 1, inability to read while threatened
a: Renounce Religion, Berserk, Trog's Hand, Brothers in Arms


You were in the Dungeon.
You worshipped Trog.
Trog was exalted by your worship.
You visited 1 branch You collected 4115 gold pieces.
You spent 3682 gold pieces at shops.

Inventory:

Hand Weapons
 a - a +0 hand axe
 c - a +4 vorpal battleaxe
 o - a +6 vorpal battleaxe
 s - a +4 vorpal executioner's axe
 u - a +2 battleaxe of flaming (weapon)
Missiles
 m - 3 javelins (quivered)
Armour
 q - a +3 leather armour of fire resistance
 t - the +3 plate armour of the Lion (worn) {rC+ Regen+ Str+2}
   (You bought it in a shop in the Dungeon)

   Str:       It affects your strength (+2).
   rC:        It protects you from cold.
   Regen:     It increases your rate of health regeneration.
 w - a +0 pair of boots (worn)
 x - a +0 pair of gloves (worn)
Jewellery
 b - the ring "Daji" (left hand) {Fly rElec rPois Slay+4 SInv}
   (You bought it in a shop in the Dungeon)

   [ring of slaying]

   Slay:      It affects your accuracy & damage with ranged weapons and melee
   (+4).
   rElec:     It insulates you from electricity.
   rPois:     It protects you from poison.
   SInv:      It lets you see invisible.
   Fly:       It grants you flight.
 v - a +4 ring of protection
 y - the ring "Feminuse" (right hand) {Str+6 Dex+3}
   (You bought it in a shop in the Dungeon)

   [ring of strength]

   Str:       It affects your strength (+6).
   Dex:       It affects your dexterity (+3).
 z - an amulet of reflection (around neck)
Wands
 i - a wand of flame (27)
Scrolls
 h - a scroll of blinking
 j - a scroll of enchant weapon {unknown}
 k - 2 scrolls of identify {unknown}
 n - a scroll of immolation {unknown}
 p - a scroll of silence {unknown}
Potions
 d - a potion of heal wounds
 e - a potion of haste
 f - 2 potions of magic
 g - a potion of berserk rage
 l - a potion of ambrosia {unknown}
 r - 2 potions of curing


   Skills:
 + Level 21.5 Fighting
 + Level 24.3 Axes
 + Level 12.2 Armour
 + Level 10.7 Dodging
 + Level 7.9 Stealth
 + Level 0.5 Shields


You had 11 spell levels left.
You didn't know any spells.
Your spell library was empty.

Dungeon Overview and Level Annotations

Branches:
Dungeon (1/1)

Altars:
Cheibriados
Dithmenos
Elyvilon
Fedhas
Gozag
Hepliaklqana
Kikubaaqudgha
Makhleb
Nemelex Xobeh
Okawaru
Qazlal
Ru
Sif Muna
Trog
Uskayaw
Vehumet
Wu Jian
Xom
Yredelemnul
Zin
The Shining One
Jiyva
Lugonu

Shops:
D *[(?:*?=*[*=::((*=[[:

Annotations:
D Lernaean hydra


Innate Abilities, Weirdness & Mutations

You have a pair of horns on your head.
You reflexively headbutt those who attack you in melee.
You tend to lose your temper in combat.
You are very clumsy. (Dex -4)
Armour fits poorly on your strangely shaped body.
You are frail. (-10% HP)
Potions are less effective at restoring your health.
Your spells are a little easier to cast, but a little less powerful.
You sometimes lose the ability to read scrolls when taking damage.


Message History

The 27-headed Lernaean hydra bites you! The 27-headed Lernaean hydra bites you.
The 27-headed Lernaean hydra bites you but does no damage.
The 27-headed Lernaean hydra bites you! x2
You feel threatened and lose the ability to read scrolls!
You block the 27-headed Lernaean hydra's attack.
The 27-headed Lernaean hydra bites you. x3
The 27-headed Lernaean hydra bites you but does no damage. x2
The 27-headed Lernaean hydra barely misses you.
The 27-headed Lernaean hydra bites you but does no damage. x4
The 27-headed Lernaean hydra bites you.
You block the 27-headed Lernaean hydra's attack.
A red film seems to cover your vision as you go berserk!
You feel yourself moving faster!
You feel mighty!
The 27-headed Lernaean hydra completely misses you.
The 27-headed Lernaean hydra bites you. The 27-headed Lernaean hydra bites you!
The 27-headed Lernaean hydra bites you but does no damage. x3
The 27-headed Lernaean hydra closely misses you.
The 27-headed Lernaean hydra bites you!
The 27-headed Lernaean hydra closely misses you.
The 27-headed Lernaean hydra bites you but does no damage.
The 27-headed Lernaean hydra bites you. The 27-headed Lernaean hydra bites you!
* * * LOW HITPOINT WARNING * * *
The 27-headed Lernaean hydra bites you.
* * * LOW HITPOINT WARNING * * *
The 27-headed Lernaean hydra bites you.
* * * LOW HITPOINT WARNING * * *
The 27-headed Lernaean hydra bites you but does no damage.
The 27-headed Lernaean hydra bites you!
* * * LOW HITPOINT WARNING * * *
You block the 27-headed Lernaean hydra's attack.
The 27-headed Lernaean hydra bites you but does no damage. x2
The 27-headed Lernaean hydra barely misses you.
The 27-headed Lernaean hydra bites you!
* * * LOW HITPOINT WARNING * * *
The 27-headed Lernaean hydra bites you!
* * * LOW HITPOINT WARNING * * *
The 27-headed Lernaean hydra bites you!
* * * LOW HITPOINT WARNING * * *
The 27-headed Lernaean hydra bites you.
You die...

○###'°##.##..$#..≈##
###..###..#+###..≈#
####..###.).#)≈..##
#..#.°#.###.#.≈..#
#○..○°....#.###..#
#°..°○....#.#.'..#
'○.....####+#.##'##
##°..###....#^#≈≈≈##
#####...#### #≈@D≈##
...# #≈≈≈≈≈# ##
##≈≈≈≈# #'≈≈≈'≈≈.
$##≈≈#≈≈≈ $$ #####'
$$$ ####


You could see the 27-headed Lernaean hydra.

Vanquished Creatures
  A deep elf annihilator (D)
  A lorocyproca (D)
  A mummy priest (D)
  A hydra (D)
  2 centaur warriors (D)
  Sonja (D)
  A lindwurm (D)
  A deep troll (D)
  8 shining eyes (D)
  2 oklob plants (D)
  2 merfolk sirens (D)
  A gargoyle (D)
  7 unseen horrors (D)
  4 demonic crawlers (D)
  2 kobold demonologists (D)
  A hellwing (D)
  4 hornets (D)
  A slime creature (D)
  Sigmund (D)
  A yak (D)
  13 hogs (D)
  2 redbacks (D)
  7 floating eyes (D)
  An ogre (D)
  7 necrophages (D)
  8 jellies (D)
  Ijyb (D)
  2 ballistomycete spores (D)
84 creatures vanquished.

Notes
Turn   | Place    | Note
-------+----------+-------------------------------------------
     0 | D        | boopmooplesden the Minotaur Berserker began the quest for
                  | the Orb.
     0 | D        | Reached XP level 1. HP: 19/19 MP: 0/0
     3 | D        | Noticed Ijyb
    12 | D        | Killed Ijyb
    13 | D        | Reached skill level 5 in Fighting
    13 | D        | Reached skill level 5 in Axes
    13 | D        | Reached XP level 2. HP: 2/29 MP: 1/1
   290 | D        | Noticed an ogre
   294 | D        | Killed an ogre
   295 | D        | Reached skill level 8 in Axes
   295 | D        | Reached XP level 3. HP: 39/39 MP: 2/2
   295 | D        | Reached XP level 4. HP: 47/47 MP: 3/3
   451 | D        | Noticed Sigmund
   459 | D        | Killed Sigmund
   460 | D        | Reached skill level 10 in Axes
   460 | D        | Reached skill level 5 in Armour
   460 | D        | Reached skill level 1 in Stealth
   460 | D        | Reached XP level 5. HP: 58/58 MP: 4/4
   460 | D        | Reached XP level 6. HP: 66/66 MP: 5/5
   606 | D        | Found a burning altar of Makhleb.
   606 | D        | Found a viscous altar of Jiyva.
   606 | D        | Found a shimmering altar of Xom.
   606 | D        | Found a corrupted altar of Lugonu.
   606 | D        | Noticed a slime creature
   614 | D        | Killed a slime creature
   614 | D        | Reached ** piety under Trog
   615 | D        | Reached skill level 11 in Axes
   615 | D        | Reached skill level 5 in Dodging
   839 | D        | Found an ornate altar of the Wu Jian Council.
   839 | D        | Found a shimmering blue altar of Sif Muna.
   841 | D        | Found a radiant altar of Vehumet.
   876 | D        | Found Bitsuhac's Magic Scroll Emporium.
   876 | D        | Found an ancient bone altar of Kikubaaqudgha.
   876 | D        | Found a hazy altar of Hepliaklqana.
   876 | D        | Found a stormy altar of Qazlal.
   876 | D        | Found a hide-covered altar of Uskayaw.
   876 | D        | Found a blossoming altar of Fedhas.
   876 | D        | Found a bloodstained altar of Trog.
   876 | D        | Found an iron altar of Okawaru.
   876 | D        | Found a basalt altar of Yredelemnul.
   876 | D        | Found a glowing golden altar of the Shining One.
   876 | D        | Found a snail-covered altar of Cheibriados.
   876 | D        | Found a sacrificial altar of Ru.
   876 | D        | Found a glowing silver altar of Zin.
   876 | D        | Found a shadowy altar of Dithmenos.
   876 | D        | Found a white marble altar of Elyvilon.
   876 | D        | Noticed a yak
   885 | D        | Killed a yak
   886 | D        | Reached skill level 12 in Axes
   886 | D        | Reached XP level 7. HP: 45/75 MP: 6/6
   886 | D        | Found an opulent altar of Gozag.
   887 | D        | Found a sparkling altar of Nemelex Xobeh.
  1044 | D        | Noticed a kobold demonologist
  1045 | D        | Noticed a kobold demonologist
  1047 | D        | Noticed a neqoxec
  1048 | D        | Paralysed by a floating eye for 3 turns
  1060 | D        | Killed a kobold demonologist
  1060 | D        | Reached *** piety under Trog
  1061 | D        | Reached skill level 13 in Axes
  1068 | D        | Killed a kobold demonologist
  1069 | D        | Reached skill level 14 in Axes
  1069 | D        | Reached XP level 8. HP: 83/86 MP: 7/7
  1083 | D        | Noticed a centaur warrior
  1083 | D        | Noticed a centaur warrior
  1209 | D        | Killed a centaur warrior
  1209 | D        | Reached **** piety under Trog
  1210 | D        | Reached skill level 15 in Axes
  1218 | D        | Killed a centaur warrior
  1219 | D        | Reached skill level 15 in Fighting
  1219 | D        | Reached skill level 16 in Axes
  1219 | D        | Reached XP level 9. HP: 49/97 MP: 8/8
  1462 | D        | Noticed a deep troll
  1468 | D        | Killed a deep troll
  1480 | D        | Found Bepnuby's Armour Emporium.
  1513 | D        | Paralysed by a hornet for 2 turns
  1759 | D        | Noticed an oklob plant
  1773 | D        | Killed an oklob plant
  1774 | D        | Reached skill level 17 in Axes
  1837 | D        | Reached ***** piety under Trog
  1838 | D        | Reached skill level 10 in Armour
  2100 | D        | Killed an unseen horror
  2101 | D        | Reached XP level 10. HP: 108/108 MP: 9/9
  2325 | D        | Received a gift from Trog
  2326 | D        | Reached skill level 18 in Axes
  2345 | D        | Reached ****** piety under Trog
  2346 | D        | Received a gift from Trog
  2590 | D        | Found Reigen's Jewellery Shoppe.
  2590 | D        | Found Wetym's Magic Scroll Shop.
  2590 | D        | Found Uruilin's Assorted Antiques.
  2592 | D        | Found Besselie's Armour Emporium.
  2592 | D        | Found Geoliqia's General Store.
  2592 | D        | Found Qaywneth's Jewellery Shoppe.
  2592 | D        | Found Mocostouf's Book Boutique.
  2592 | D        | Found Dyrous's Book Emporium.
  2592 | D        | Found Mawk's Weapon Shop.
  2592 | D        | Found Bitip's Antique Weapon Shoppe.
  2596 | D        | Found Kupn's General Store.
  2597 | D        | Found Pyfysch's Armour Emporium.
  2597 | D        | Found Linekhi's Jewellery Boutique.
  2598 | D        | Found Gebouwyima's Book Emporium.
  2606 | D        | Bought the ring "Daji" {Fly rElec rPois Slay+4 SInv} for
                  | 1423 gold pieces
  2641 | D        | Noticed Sonja
  2644 | D        | Killed Sonja
  2645 | D        | Reached skill level 5 in Stealth
  2695 | D        | Found Konosoez's Assorted Antiques.
  2704 | D        | Noticed a shining eye
  2704 | D        | Noticed a shining eye
  2704 | D        | Noticed a shining eye
  2708 | D        | Paralysed by a floating eye for 4 turns
  2714 | D        | Noticed a shining eye
  2714 | D        | Noticed a shining eye
  2714 | D        | Noticed a shining eye
  2715 | D        | Gained mutation: Potions are less effective at restoring
                  | your health. [a shining eye]
  2715 | D        | Gained mutation: Armour fits poorly on your strangely
                  | shaped body. [a shining eye]
  2717 | D        | Gained mutation: Your spells are a little easier to cast,
                  | but a little less powerful. [a shining eye]
  2717 | D        | Gained mutation: You sometimes lose the ability to read
                  | scrolls when taking damage. [a shining eye]
  2718 | D        | Noticed a shining eye
  2718 | D        | Noticed a shining eye
  2718 | D        | Gained mutation: You are frail. (-10% HP) [a shining eye]
  2721 | D        | Killed a shining eye
  2721 | D        | Paralysed by a floating eye for 4 turns
  2725 | D        | Gained mutation: You are clumsy. (Dex -2) [a shining eye]
  2726 | D        | Received a gift from Trog
  2727 | D        | Gained mutation: You are very clumsy. (Dex -4) [a shining
                  | eye]
  2729 | D        | Gained mutation: You tend to lose your temper in combat. [a
                  | shining eye]
  2732 | D        | Killed a shining eye
  2732 | D        | Killed a shining eye
  2733 | D        | Reached skill level 19 in Axes
  2733 | D        | Reached skill level 10 in Dodging
  2733 | D        | Killed a shining eye
  2734 | D        | Reached XP level 11. HP: 108/108 MP: 10/10
  2735 | D        | Killed a shining eye
  2735 | D        | Killed a shining eye
  2737 | D        | Killed a shining eye
  2737 | D        | Received a gift from Trog
  2738 | D        | Reached skill level 20 in Axes
  2742 | D        | Killed a shining eye
  2753 | D        | Found Xonozacy's Book Shop.
  2753 | D        | Found Regeth Guwn's Armour Shoppe.
  2753 | D        | Found Serghotu's Assorted Antiques.
  2753 | D        | Found Dytso Zupi's Weapon Emporium.
  2806 | D        | Bought the +3 plate armour of the Lion {rC+ Regen+ Str+2}
                  | for 786 gold pieces
  2924 | D        | Noticed a lindwurm
  2927 | D        | Killed a lindwurm
  2927 | D        | Received a gift from Trog
  2928 | D        | Reached skill level 21 in Axes
  2948 | D        | Received a gift from Trog
  2963 | D        | Reached skill level 22 in Axes
  2978 | D        | Noticed a 12-headed hydra
  2980 | D        | Killed a 14-headed hydra
  2980 | D        | Paralysed by a floating eye for 2 turns
  3152 | D        | Noticed a daeva
  3260 | D        | Received a gift from Trog
  3261 | D        | Reached skill level 23 in Axes
  3339 | D        | Noticed a lorocyproca
  3352 | D        | Killed a lorocyproca
  3353 | D        | Reached XP level 12. HP: 98/120 MP: 0/11
  3555 | D        | Bought a +0 pair of boots for 54 gold pieces
  3609 | D        | Bought a +0 pair of gloves for 54 gold pieces
  3842 | D        | Bought the ring "Feminuse" {Str+6 Dex+3} for 1005 gold
                  | pieces
  3849 | D        | Bought an amulet of reflection for 360 gold pieces
  3928 | D        | Noticed a deep elf annihilator
  3949 | D        | Received a gift from Trog
  4110 | D        | Killed a deep elf annihilator
  4111 | D        | Reached skill level 24 in Axes
  4116 | D        | Noticed a mummy priest
  4125 | D        | Killed a mummy priest
  4125 | D        | Received a gift from Trog
  4177 | D        | Noticed the 27-headed Lernaean hydra
  4182 | D        | HP: 1/183 [the 27-headed Lernaean hydra (13)]
  4182 | D        | Slain by the 27-headed Lernaean hydra

Illustrated notes

Levels and vault maps discovered:
D:        dungeon_sprint_1 [red_sonja_temple_1, red_sonja_temple_small_1]

Skill      XL: |  1  2  3  4  5  6  7  8  9 10 11 12 |
---------------+-------------------------------------+-----
Fighting       | 5 7 9 11 13 15 16 18 20 21 | 21.5
Axes           | 5 8 10 12 14 16 17 19 23 24 | 24.3
Armour         | 3 4 5 7 8 9 10 11 12 | 12.2
Dodging        | 3 4 5 6 7 8 10 | 10.7
Stealth        | 1 2 3 4 6 7 |  7.9
Shields        | |  0.5

Action                   |  1- 3 |  4- 6 |  7- 9 | 10-12 || total
-------------------------+-------+-------+-------+-------++-------
Melee: Hand axe          |    12 |    25 |    76 |    19 ||   132
       Headbutt          |       |     7 |    15 |    31 ||    53
       Punch             |       |       |     3 |       ||     3
       Battleaxe         |       |       |       |    30 ||    30
       Executioner's axe |       |       |       |    75 ||    75
Invok: Berserk           |     2 |     2 |     6 |     7 ||    17
  Use: Potion            |       |       |     1 |       ||     1
 Stab: Sleeping          |       |       |       |     3 ||     3
Armor: Leather armour    |       |     1 |    11 |     1 ||    13
       Plate armour      |       |       |       |    89 ||    89
Dodge: Dodged            |     3 |    10 |    29 |    50 ||    92
Block: Other             |       |       |       |     6 ||     6
